 Dungeon Crawl Stone Soup version 0.22.1-1-ga44c0e56f4 (webtiles) character file.

700 Kaderl the Slasher (level 7, -5/61 HPs)
             Began as a Hill Orc Fighter on Oct 12, 2018.
             Slain by an ogre
             ... wielding a +0 giant club
              (12 damage)
             ... on level 4 of the Dungeon.
             The game lasted 00:08:16 (3041 turns).

Kaderl the Slasher (Hill Orc Fighter)               Turns: 3041, Time: 00:08:17

Health: -5/61      AC: 19    Str: 23    XL:     7   Next: 65%
Magic:  7/7        EV:  2    Int:  8    God:
Gold:   189        SH: 10    Dex: 11    Spells: 6/6 levels left

rFire    + . .     SeeInvis .   l - +1 falchion (holy)
rCold    + . .     Gourm    .   c - +0 shield
rNeg     . . .     Faith    .   s - +0 gold dragon scales
rPois    +         Spirit   .   (no helmet)
rElec    .         Reflect  .   o - +2 cloak
rCorr    .         Harm     .   a - +1 pair of gloves {Str+3}
MR       .....                  (no boots)
Stlth    ..........             (no amulet)
HPRegen  0.20/turn              q - ring of flight
MPRegen  0.10/turn              (no ring)

@: no status effects
A: no striking features
a: Evoke Flight


You were on level 4 of the Dungeon.
You were not hungry.

You visited 1 branch of the dungeon, and saw 4 of its levels.

You collected 189 gold pieces.

Inventory:

Hand Weapons
 l - a +1 falchion of holy wrath (weapon)
Armour
 a - a +1 pair of gloves of strength (worn)
 c - a +0 shield (worn)
 o - a +2 cloak (worn)
 s - +0 gold dragon scales (worn)
Jewellery
 q - a ring of flight (left hand)
Wands
 r - a wand of paralysis (8)
Scrolls
 h - 2 scrolls of enchant weapon
 j - 5 scrolls of identify
 p - 3 scrolls of remove curse
Potions
 b - 3 potions of heal wounds {unknown}
 d - a potion of agility {unknown}
 e - a potion of invisibility
 g - a potion of berserk rage {unknown}
 i - a potion of cancellation {unknown}
 k - 2 potions of haste {unknown}
 m - 2 potions of lignification {unknown}
 n - 3 potions of curing {unknown}
Comestibles
 f - 7 rations


   Skills:
 + Level 5.3 Fighting
 + Level 6.4 Long Blades
 + Level 4.5 Armour
 + Level 1.1 Dodging
 + Level 0.3 Stealth
 + Level 5.0 Shields


You had 6 spell levels left.
You didn't know any spells.
Your spell library contained the following spells:

 Spells                   Type           Power        Failure   Level  Hunger
 Beastly Appendage        Tmut           #.....       100%        1    ##.....
 Sticks to Snakes         Tmut           #.......     100%        2    ###....
 Spider Form              Tmut/Pois      #.........   100%        3    ####...
 Ice Form                 Ice/Tmut       #.......     100%        4    #####..
 Leda's Liquefaction      Hex/Erth       #.........   100%        4    #####..
 Blade Hands              Tmut           #.........   100%        5    ######.
 Bolt of Magma            Conj/Fire/Erth #.........   100%        5    ######.
 Iron Shot                Conj/Erth      #.........   100%        6    #######
 Statue Form              Tmut/Erth      #........    100%        6    #######
 Shatter                  Erth           #.........   100%        9    #######


Dungeon Overview and Level Annotations

Branches:
Dungeon (4/15)
 Temple: D:4-7

Altars:
Yredelemnul


Message History

The adder bites you but does no damage. You block the adder's attack.
You miss the adder.
The adder is heavily wounded.
The adder bites you but does no damage.
You hit the adder.
The adder is severely wounded.
You block the adder's attack.
You slash the adder!
You kill the adder!
You hit the ogre.
The ogre is heavily wounded.
You block the ogre's attack.
Your gold dragon scales prevents you from hitting the ogre.
The ogre is heavily wounded.
The ogre hits you with a giant club!
* * * LOW HITPOINT WARNING * * *
You barely miss the ogre.
The ogre is heavily wounded.
The ogre hits you with a giant club!
You die...

#...# #.##..###.#
#.... (..#
#.##....÷.###.### #<.#
#.##.#.[......# # #..#
#.##.##.#####.### #..#
#.##.##.####.#... #..#
#.##............. #..#
#.#####.########.
#..###.#####.## #.
#...O@....#...## ####.
#.####.##..#.#.###.(..
####.#
#.##.##.##.#.#.#.
#....#
#.#........†###..
#.####
#.##.##.##.#.#.## #.#
#.###.#.#.###.## #.#
#.# ##...## #.# #.#
#.# ##.## #.#
#.#######.# #†#####.#


You could see an ogre.

Vanquished Creatures
  Sigmund (D:3)
  A phantom (D:4)
  A bullfrog skeleton (D:4)
  An orc wizard (D:4)
  An orc priest (D:4)
  2 hounds (D:4)
  Crazy Yiuf (D:2)
  Jessica (D:2)
  Terence (D:2)
  A hound zombie (D:4)
  A hound skeleton (D:4)
  Robin (D:3)
  7 adders
  4 gnolls (D:3)
  An ooze (D:4)
  A worm (D:2)
  A dart slug (D:1)
  5 leopard geckos
  3 orcs
  3 bats (D:2)
  A giant cockroach (D:1)
  12 goblins
  9 hobgoblins
  7 jackals
  3 quokkas (D:2)
  3 frilled lizards (D:2)
  10 kobolds
  10 rats
93 creatures vanquished.

Notes
Turn   | Place    | Note
-------+----------+-------------------------------------------
     0 | D:1      | Kaderl the Hill Orc Fighter began the quest for the Orb.
     0 | D:1      | Reached XP level 1. HP: 19/19 MP: 1/1
    67 | D:1      | Reached XP level 2. HP: 17/27 MP: 2/2
   457 | D:1      | Reached XP level 3. HP: 31/33 MP: 3/3
   641 | D:2      | Noticed Jessica
   651 | D:2      | Killed Jessica
   651 | D:2      | Reached skill level 3 in Long Blades
   651 | D:2      | Reached XP level 4. HP: 17/40 MP: 4/4
   823 | D:2      | Noticed Terence
   840 | D:2      | Killed Terence
  1016 | D:2      | Found a runed door.
  1020 | D:2      | Noticed Crazy Yiuf
  1025 | D:2      | Killed Crazy Yiuf
  1025 | D:2      | Reached XP level 5. HP: 41/46 MP: 5/5
  1142 | D:3      | Reached skill level 4 in Long Blades
  1228 | D:3      | Noticed Robin
  1252 | D:3      | Killed Robin
  1464 | D:3      | Noticed Sigmund
  1470 | D:3      | Killed Sigmund
  1470 | D:3      | Reached skill level 5 in Long Blades
  1470 | D:3      | Reached XP level 6. HP: 53/53 MP: 6/6
  1558 | D:3      | Reached skill level 1 in Dodging
  2098 | D:4      | Reached skill level 5 in Fighting
  2098 | D:4      | Reached XP level 7. HP: 61/61 MP: 7/7
  2385 | D:4      | Reached skill level 6 in Long Blades
  2596 | D:4      | Found a basalt altar of Yredelemnul.
  2890 | D:4      | Reached skill level 5 in Shields
  3041 | D:4      | Slain by an ogre

Skill      XL: |  1  2  3  4  5  6  7 |
---------------+----------------------+-----
Fighting       | 4 5 |  5.3
Long Blades    | 3 5 6 |  6.4
Shields        | 4 5 |  5.0
Armour         | 4 |  4.5
Dodging        | 1 |  1.1
Stealth        | |  0.3

Action                   |  1- 3 |  4- 6 |  7- 9 || total
-------------------------+-------+-------+-------++-------
Melee: Long sword        |    82 |   156 |    79 ||   317
       Falchion          |       |       |    40 ||    40
  Use: Scroll            |     6 |     5 |       ||    11
       Potion            |       |     2 |       ||     2
  Eat: Ration            |       |     2 |     1 ||     3
Armor: Scale mail        |    34 |    69 |    34 ||   137
       Gold dragon scale |       |       |    29 ||    29
Dodge: Dodged            |    31 |    43 |    33 ||   107
Block: Shield            |    39 |    74 |    61 ||   174
       Rpst.: Long sword |     8 |    16 |    11 ||    35
       Falchion          |       |       |     1 ||     1
